 Dungeon Crawl Stone Soup version 0.25-a0-339-gb37b713d4c (webtiles) character file.

Game seed: 10134492947300567601, levelgen mode: deterministic

75 Error4North the Covered (level 4, 0/40 HPs)
             Began as a Hill Orc Fighter on Dec 28, 2019.
             Killed by nerve-wracking pain
             ... invoked by an orc priest
              (12 damage)
             ... on level 2 of the Dungeon.
             The game lasted 00:04:47 (1675 turns).

Error4North the Covered (Hill Orc Fighter)          Turns: 1675, Time: 00:04:48

Health: 0/40       AC:  7    Str: 19    XL:     4   Next: 31%
Magic:  4/4        EV:  7    Int:  8    God:
Gold:   41         SH:  9    Dex: 10    Spells: 3/3 levels left

rFire    . . .     SeeInvis .   a - +0 war axe
rCold    . . .     Gourm    .   c - +0 shield
rNeg     . . .     Faith    .   b - +0 scale mail
rPois    .         Spirit   .   (no helmet)
rElec    .         Reflect  .   (no cloak)
rCorr    .         Harm     .   (no gloves)
MR       .....                  (no boots)
Stlth    ..........             (no amulet)
HPRegen  0.13/turn              (no ring)
MPRegen  0.09/turn              (no ring)

@: no status effects
A: no striking features
a: Convert to Beogh


You were on level 2 of the Dungeon.
You were not hungry.

You visited 1 branch of the dungeon, and saw 2 of its levels.

You collected 41 gold pieces.

Inventory:

Hand Weapons
 a - a +0 war axe (weapon)
Missiles
 e - 72 stones (quivered)
 n - 3 boomerangs
Armour
 b - a +0 scale mail (worn)
 c - a +0 shield (worn)
Scrolls
 g - 3 scrolls of identify {unknown}
 i - a scroll of magic mapping {unknown}
 j - 2 scrolls of fear {unknown}
 m - a scroll of teleportation {unknown}
Potions
 d - a potion of might
 h - a potion of cancellation {unknown}
 k - a potion of curing {unknown}
Comestibles
 f - 4 rations


   Skills:
 + Level 4.0 Fighting
 + Level 3.7 Axes
 * Level 4.0 Armour
 + Level 0.3 Dodging
 + Level 0.1 Stealth
 * Level 3.8 Shields
 * Level 0.2 Spellcasting


You had 3 spell levels left.
You didn't know any spells.
Your spell library was empty.

Dungeon Overview and Level Annotations

Branches:
Dungeon (2/15)

Altars:


Message History

The orc's wounds heal themselves!
The orc hits you with a +0 flail!
You closely miss the orc. You barely miss the orc priest.
The orc priest hits you with a cursed -1 flail.
The orc hits you but does no damage.
You closely miss the orc. You barely miss the orc priest.
The orc priest shouts, "Beogh is our master!
Accept the truth or die!"
The orc priest barely misses you. The orc hits you with a +0 flail.
The orc priest mumbles some strange prayers to Beogh against you.
Pain shoots through your body!
* * * LOW HITPOINT WARNING * * *
You hit the orc.
The orc is moderately wounded.
You closely miss the orc priest. The orc barely misses you.
The orc priest casts a cantrip, but nothing happens.
You slash the orc!
You kill the orc!
You closely miss the orc priest.
The orc priest mumbles some strange prayers to Beogh against you.
Pain shoots through your body!
You die...

#....# #.######.#.#.#
#....####.# #.#.#.#
#.......#.######.#.#.#
#................#.#.#
#.......#.########.#.#
#....#...........#.#.#
#..).#..).######.#.#.#
#....#....######.#.#.# ...
#....##........@>..#.# #'##.#
#....##.........o.<#.# #.##.#
###'###............#.# #.##.#
#.)..###########.#.#.# #.##.#
#...........####...#.# #.##.#
#......÷....'......#.# #.##.#
#......÷....######.#.####†##.#
#....######## #.#.......#.###
#....# ########.#######÷.....


You could see an orc priest.

Vanquished Creatures
  An adder (D:2)
  A worm (D:2)
  3 dart slugs
  3 orcs
  6 bats
  A giant cockroach (D:1)
  7 goblins
  7 hobgoblins
  3 jackals (D:2)
  2 quokkas (D:2)
  7 frilled lizards
  9 kobolds
  2 rats (D:1)
52 creatures vanquished.

Notes
Turn   | Place    | Note
-------+----------+-------------------------------------------
     0 | D:1      | Error4North the Hill Orc Fighter began the quest for the
                  | Orb.
     0 | D:1      | Reached XP level 1. HP: 19/19 MP: 1/1
    66 | D:1      | Reached XP level 2. HP: 18/27 MP: 2/2
   408 | D:1      | Reached XP level 3. HP: 30/33 MP: 3/3
  1197 | D:2      | Reached XP level 4. HP: 27/40 MP: 4/4
  1675 | D:2      | Killed from afar by an orc priest

Levels and vault maps discovered:
D:1:      erik_arrival_cave_to_civilisation [erik_arrival_cave_to_hall],
          layout_basic
D:2:      layout_basic, nicolae_overflow_crystal_walls

Skill      XL: |  1  2  3  4 |
---------------+-------------+-----
Axes           | 3 |  3.7
Armour         | 4 |  4.0
Fighting       | 4 |  4.0
Dodging        | |  0.3
Stealth        | |  0.1
Shields        | |  3.8
Spellcasting   | |  0.2

Action                   |  1- 3 |  4- 6 || total
-------------------------+-------+-------++-------
Melee: War axe           |   162 |    40 ||   202
  Eat: Chunk             |     1 |     2 ||     3
Armor: Scale mail        |   104 |    19 ||   123
Dodge: Dodged            |    67 |    14 ||    81
Block: Shield            |   102 |    16 ||   118

Table legend:
 A = Non-vault XP
 B = Vault XP
 C = Vault XP percentage of total XP
 D = Non-vault monster count
 E = Vault monster count
 F = Vault count percentage of total count
                 A         B        C        D         E       F
            +---------+---------+-------+---------+---------+-------
      Total |     105 |       3 |   2.8 |      50 |       2 |   3.8
            +---------+---------+-------+---------+---------+-------
        D:1 |      56 |       3 |   5.1 |      33 |       2 |   5.7
        D:2 |      49 |       0 |   0.0 |      17 |       0 |   0.0
            +---------+---------+-------+---------+---------+-------
